 Dungeon Crawl Stone Soup version 0.29.1-2-gbd0b4ee654 (webtiles) character file.

Game seed: 5139293892090311411

162 Norrock the Sneak (level 5, -9/39 HPs)
             Began as a Merfolk Brigand on Nov 2, 2022.
             Was a Follower of the Shining One.
             Killed from afar by a steam dragon (14 damage)
             ... with a ball of steam
             ... on level 3 of the Dungeon.
             The game lasted 00:11:30 (3061 turns).

Norrock the Sneak (Merfolk Brigand)                 Turns: 3061, Time: 00:11:30

Health: -9/39      AC:  9    Str: 13    XL:     5   Next: 43%
Magic:  5/5        EV:  6    Int: 10    God:    the Shining One [*.....]
Gold:   137        SH:  0    Dex: 22    Spells: 4/4 levels left

rFire   . . .      SeeInvis .   a - +2 dagger
rCold   . . .      Faith    .   (no shield)
rNeg    . . .      Spirit   .   m - +0 chain mail
rPois   .          Reflect  .   (no helmet)
rElec   .          Harm     .   c - +0 cloak
rCorr   .          Rampage  .   (no gloves)
Will    .....                   (no boots)
Stlth   ..........              (no amulet)
HPRegen 0.13/turn               f - +6 ring of dexterity
MPRegen 0.09/turn               (no ring)

@: glowing
A: (nimble swimmer 2), mertail
a: Renounce Religion, Divine Shield


You were on level 3 of the Dungeon.
You worshipped the Shining One.
The Shining One was aware of your devotion.
You visited 1 branch of the dungeon, and saw 3 of its levels.

You collected 137 gold pieces.

Inventory:

Hand Weapons
 a - a +2 dagger (weapon)
Missiles
 d - 7 poisoned darts (quivered)
 e - 3 curare-tipped darts
Armour
 c - a +0 cloak (worn)
 m - a +0 chain mail (worn)
Jewellery
 f - a +6 ring of dexterity (left hand)
Scrolls
 g - a scroll of fear
 h - a scroll of teleportation {unknown}
 l - 2 scrolls of amnesia
Potions
 b - a potion of brilliance
 i - a potion of resistance


   Skills:
 - Level 2.7 Fighting
 + Level 4.2 Short Blades
 * Level 3.6 Throwing
 - Level 2.4 Dodging
 - Level 4.7 Stealth
 * Level 0.6 Invocations


You had 4 spell levels left.
You didn't know any spells.
Your spell library contained the following spells:

 Spells                   Type           Power      Damage    Failure   Level
 Dazzling Flash           Conj/Hex       0%         N/A       100%        3
 Gell's Gravitas          Tloc           0%         N/A       100%        3
 Lesser Beckoning         Tloc           0%         N/A       100%        3
 Teleport Other           Tloc           0%         N/A       100%        3
 Iskenderun's Mystic Bla  Conj/Tloc      0%         2d3       100%        4
 Starburst                Conj/Fire      0%         6d3       100%        6


Dungeon Overview and Level Annotations

Branches:
Dungeon (3/15)

Altars:
Cheibriados
The Shining One


Innate Abilities, Weirdness & Mutations

((You are very nimble when in or above water. (Stealth+, EV+, Speed+++)))
Your lower body shifts to a powerful aquatic tail in water.


Message History

You kill the worm!
You see here a worm corpse.
d - 7 poisoned darts (gained 1)
There is a snail-covered altar of Cheibriados here.
h - a scroll labelled AREEGOIJAQ A rat comes into view.
The rat moves out of view.
You hit the rat.
You kill the rat!
You see here a rat corpse.
You open the door.
There is an open door here.
Found a ring mail.
Found an escape hatch in the floor.
A bat comes into view.
A bat, a quokka, a dart slug, a steam dragon and an orc come into view.
Found 3 large rocks.
Found an escape hatch in the ceiling.
The steam dragon hisses angrily.
The bat barely misses you. The bat attacks as you move away!
The bat hits you but does no damage. x3
The steam dragon breathes steam at you.
The ball of steam misses the bat.
The ball of steam hits you!
You are engulfed in a cloud of scalding steam.
The bat is engulfed in a cloud of scalding steam. x3
The bat dies!
The bat is engulfed in a cloud of scalding steam.
The bat dies!
Okay, then.
The steam dragon breathes steam at you. The ball of steam hits you!
You are engulfed in a cloud of scalding steam.
You see here a rat corpse.
The steam dragon breathes steam at you. The ball of steam hits you!
* * * LOW HITPOINT WARNING * * *
Okay, then.
Okay, then.
The steam dragon breathes steam at you. The ball of steam hits you!
You die...

#.# ########.# #........#
#.######.# #.#<# #.# #.#.####'##
#.#.##....#
###################.#.##....#
#####......o..D§@..............†'
......†.......#########...##....#
###...#######.##### #.....###..#
#..### #.....# #..†..# #..# #.##
#.....####.....###..# #.#
#.....#.............# #.#
#.....#.............# #.#
#..........._.......#
#D##########...................


You could see a steam dragon (catching breath) and an orc.

Vanquished Creatures
  A necrophage (D:2)
  5 adders (D:2)
  A worm (D:3)
  A dart slug (D:2)
  7 bats
  3 endoplasms
  2 giant cockroaches
  7 hobgoblins
  6 jackals
  5 ball pythons
  7 frilled lizards
  4 goblins (D:1)
  3 kobolds (D:1)
  4 rats
56 creatures vanquished.

Vanquished Creatures (others)
  2 bats (D:3)
2 creatures vanquished.

Grand Total: 58 creatures vanquished

Notes
Turn   | Place    | Note
-------+----------+-------------------------------------------
     0 | D:1      | Norrock the Merfolk Brigand began the quest for the Orb.
     0 | D:1      | Reached XP level 1. HP: 16/16 MP: 1/1
   332 | D:1      | Reached XP level 2. HP: 19/23 MP: 2/2
   612 | D:1      | Found a faded altar of an unknown god.
   863 | D:1      | Reached XP level 3. HP: 12/28 MP: 3/3
  1644 | D:1      | Prayed at the altar of an unknown god.
  1644 | D:1      | Became a worshipper of the Shining One
  1644 | D:1      | Reached * piety under the Shining One
  1790 | D:2      | Reached XP level 4. HP: 32/34 MP: 4/4
  2013 | D:2      | Noticed a necrophage
  2031 | D:2      | Killed a necrophage
  2032 | D:2      | Reached XP level 5. HP: 26/39 MP: 2/5
  2946 | D:3      | Found a snail-covered altar of Cheibriados.
  3021 | D:3      | Noticed a steam dragon
  3061 | D:3      | Killed from afar by a steam dragon

Illustrated notes

Levels and vault maps discovered:
D:1:      tarquinn_simple_flora_water_a, layout_loops_corners,
          dreamdust_ecumenical_altar_statues, minmay_pentomino_z2
D:2:      layout_basic
D:3:      layout_basic, slow_altar_1, nicolae_overflow_hidden_temple

Skill      XL: |  1  2  3  4 |
---------------+-------------+-----
Dodging        | 2 |  2.4
Short Blades   | 3 4 |  4.2
Throwing       | 3 |  3.6
Fighting       | |  2.7
Stealth        | |  4.7
Invocations    | |  0.6

Action                   |  1- 3 |  4- 6 || total
-------------------------+-------+-------++-------
Melee: Dagger            |   125 |    77 ||   202
       Punch             |     2 |       ||     2
Throw: Dart              |    20 |     7 ||    27
Invok: Divine Shield     |       |     1 ||     1
  Use: Scroll            |       |     7 ||     7
 Stab: Sleeping          |     5 |       ||     5
Armor: Robe              |    34 |       ||    34
       Chain mail        |    10 |    33 ||    43
Dodge: Dodged            |    48 |    18 ||    66
Block: Other             |       |     2 ||     2
